 Dungeon Crawl Stone Soup version 0.31.0-9-g3a7656b989 (webtiles) character file.

Game seed: 6461920547683452474

4461 Amplified the Fighter (level 10, -3/83 HPs)
             Began as a Mummy Hunter on Jan 25, 2024.
             Was an Initiate of Gozag.
             Slain by an orc warrior
             ... wielding a +3 war axe
              (7 damage)
             ... in a bailey.
             The game lasted 00:17:42 (9212 turns).

Amplified the Fighter (Mummy Hunter)                Turns: 9212, Time: 00:17:43

Health: -3/83      AC:  9    Str: 24    XL:     10   Next: 15%
Magic:  10/10      EV:  9    Int:  8    God:    Gozag
Gold:   821        SH:  0    Dex: 17    Spells: 9/9 levels left

rFire   . . .        p - +8 autumn katana {manifold assault}
rCold   + + .        n - orb {light}
rNeg    + + +        r - +1 chain mail {rF+}
rPois   ∞            (no helmet)
rElec   .            (no cloak)
rCorr   .            (no gloves)
SInv    .            (no boots)
Will    +....        (no amulet) Stlth
                     d - +6 ring of strength
HPRegen 0.33/turn    q - ring of protection from cold
MPRegen 0.12/turn

%: faith
@: glowing
A: cold resistance 1, negative energy resistance 3, torment resistance 2, heat
vulnerability 1, in touch with death 1, no potions, faith
a: Renounce Religion, Potion Petition, Call Merchant, Bribe Branch


You were in a bailey.
You worshipped Gozag.
Gozag was pleased with you.
You visited 2 branches of the dungeon, and saw 9 of its levels.
You also visited: Bailey.

You collected 905 gold pieces.
You paid 84 gold pieces to Gozag.

Inventory:

Hand Weapons
 a - a +0 shortbow
 c - the +5 dagger of Buowinte {pain, rN+ Int+3}
   (You found it on level 2 of the Dungeon)

   Int+3:     It affects your intelligence (+3).
   rN+:       It protects you from negative energy.
 h - a +0 war axe
 l - the +8 shortbow "Denodir" {flame, Str+3 SInv Stlth+}
   (You took it off a gnoll in a bailey)

   Str+3:     It affects your strength (+3).
   SInv:      It lets you see invisible.
   Stlth+:    It makes you more stealthy.
 p - the +8 autumn katana (weapon) {manifold assault}
   (You found it on level 6 of the Dungeon)
Missiles
 i - 3 poisoned darts
Armour
 m - a +1 leather armour of poison resistance
 n - an orb of light (worn)
 r - a +1 chain mail of fire resistance (worn)
Jewellery
 d - a +6 ring of strength (left hand)
 q - a ring of protection from cold (right hand)
Wands
 g - a wand of digging (5)
Scrolls
 e - 4 scrolls of identify
 f - a scroll of silence
 j - 3 scrolls of vulnerability
 k - a scroll of fear


   Skills:
 * Level 9.1 Fighting
 - Level 4.3(5.4) Short Blades
 * Level 5.0(5.7) Long Blades
 - Level 4.0 Ranged Weapons
 - Level 1.5 Dodging
 - Level 0.7 Stealth
 * Level 8.1 Necromancy


You had 9 spell levels left.
You didn't know any spells.
Your spell library contained the following spells:

 Spells                   Type           Power      Damage    Failure   Level
 Blink                    Tloc           0%         N/A       99%         2
 Lesser Beckoning         Tloc           0%         N/A       99%         2
 Momentum Strike          Conj/Tloc      0%         3d8       99%         2
 Animate Armour           Summ/Erth      0%         N/A       100%        4
 Summon Lightning Spire   Summ/Air       0%         N/A       100%        4
 Lee's Rapid Deconstruct  Erth           0%         3d4*      100%        5
 Haunt                    Necr/Summ      4%         N/A       100%        7
 Infestation              Necr           9%         N/A       100%        8
 Animate Dead             Necr           Unusable   N/A       N/A         4

Dungeon Overview and Level Annotations

Branches:
Dungeon (8/15)             Temple (1/1) D:7          Bailey (1/1)
   Lair: D:8-11

Altars:
Cheibriados
Fedhas
Gozag
Hepliaklqana
Kikubaaqudgha
Makhleb
Nemelex Xobeh
Okawaru
Qazlal
Ru
Sif Muna
Trog
Uskayaw
Vehumet
Wu Jian
Xom
Yredelemnul

Annotations:
D:4 Pikel


Innate Abilities, Weirdness & Mutations

You are immune to poison.
Your flesh is cold resistant. (rC+)
You are immune to negative energy. (rN+++)
You are immune to unholy pain and torment.
You are vulnerable to heat. (rF-)
You are in touch with the powers of death.
You do not drink.
You have a special connection with the divine. (Faith)


Message History

The orc knight hits you with a +0 war axe!
The orc warrior hits you with a +3 war axe!
* * * LOW HITPOINT WARNING * * *
The orc warrior closely misses your butterfly.
The orc warrior hits your butterfly with a +3 war axe!
Your butterfly dies!
Your butterfly disappears in a burst of colours!
Unknown command.
Unknown command.
Unknown command.
Unknown command.
The orc knight attacks as it pursues you!
The orc knight hits you with a +0 war axe!
* * * LOW HITPOINT WARNING * * *
The orc knight hits your butterfly with a +0 war axe!
Your butterfly dies!
Your butterfly disappears in a burst of colours!
The orc warrior attacks as it pursues you!
The orc warrior hits you with a +3 war axe!
* * * LOW HITPOINT WARNING * * *
The orc warrior hits your butterfly with a +3 war axe!
Your butterfly dies!
Your butterfly disappears in a burst of colours!
The orc warrior completely misses your butterfly.
The orc warrior hits your butterfly with a +3 war axe!
Your butterfly dies!
Your butterfly disappears in a burst of colours!
Unknown command.
As you read the scroll of fear, it crumbles to dust.
You assume a fearsome visage.
The orc knight looks frightened!
The orc warrior resists with some effort.
The orc looks frightened!
The orc knight moans, "Oh dear!
Oh dear!"
Unknown command.
Unknown command.
Unknown command.
The orc warrior attacks as it pursues you!
The orc warrior hits you with a +3 war axe!
You die...
Your body crumbles into a pile of gold.

########################
≈≈≈≈≈≈≈≈≈≈≈≈b≈≈≈≈≈≈≈≈≈≈≈
≈≈≈≈≈≈≈bb≈b≈b≈≈≈≈≈≈≈≈≈≈≈
≈≈≈≈≈≈≈≈b≈b≈bb≈≈≈≈≈≈≈≈≈≈
≈≈≈≈b≈bbb≈bb≈≈≈≈≈≈≈≈≈≈≈ ≈≈≈≈≈≈
≈≈≈≈bbb≈bbb≈≈≈≈≈≈≈≈≈≈≈≈≈≈
≈≈≈≈≈≈######bbb~bb~~~~~######≈≈≈≈
≈≈≈≈≈≈#('..o...o@∩b....)..'.#≈≈≈≈
≈≈≈≈≈≈###..######.######..###≈≈≈≈
≈≈≈≈≈≈#..o.#!..#...#.[.#....#≈≈≈≈
≈≈≈≈≈≈#....#...#.).#.)[#..).#≈≈≈≈
≈≈≈≈≈≈#'#+##'###8.8###'##)#'#≈≈≈≈
≈≈≈≈≈≈~.#..#...#...#...#..#.~≈≈≈≈
≈≈≈≈≈≈~.#..###'#8.8#'###..#.~≈≈≈≈
≈≈≈≈≈≈~o#..#...#.b.#..)#..#.~≈≈≈≈
≈≈≈≈≈≈~.#).#...#...#...#..#.~≈≈≈≈


You could see an orc knight (fleeing, ally target) and an orc warrior.

Vanquished Creatures
  A two-headed ogre (D:8)
  An orc knight (Bailey)
  2 orc sorcerers (Bailey)
  Grinder (D:3)
  Eustachio (D:4)
  5 orc warriors (Bailey)
  A black bear (D:7)
  2 centaurs
  A lemure (D:4)
  A kobold brigand (D:4)
  A phantom (D:5)
  2 bullfrogs
  A scorpion (D:7)
  A gnoll sergeant (D:8)
  5 electric eels (Bailey)
  A hound (D:5)
  7 orc priests
  2 jellies (D:7)
  A gnoll bouda (D:7)
  3 sleepcaps
  3 orc wizards (D:5)
  Natasha (twice) (D:2)
  4 iguanas
  21 gnolls
  4 adders
  A white imp (D:5)
  A dart slug (D:1)
  A ribbon worm (D:4)
  21 orcs
  A spectral bat (D:2)
  10 bats
  2 bat skeletons (D:2)
  A bat zombie (D:2)
  3 endoplasms
  13 hobgoblins
  5 quokkas
  13 ball pythons
  5 frilled lizards
  A giant cockroach zombie (D:2)
  19 goblins
  A jackal skeleton (D:2)
  9 kobolds
  2 rats (D:2)
183 creatures vanquished.

Notes
Turn   | Place    | Note
-------+----------+-------------------------------------------
     0 | D:1      | Amplified the Mummy Hunter began the quest for the Orb.
     0 | D:1      | Reached XP level 1. HP: 16/16 MP: 1/1
   165 | D:1      | Reached XP level 2. HP: 23/23 MP: 2/2
   498 | D:1      | Reached XP level 3. HP: 20/28 MP: 3/3
  1093 | D:2      | Reached skill level 3 in Fighting
  1449 | D:2      | Reached XP level 4. HP: 35/35 MP: 4/4
  1526 | D:2      | Identified the +5 dagger of Buowinte {pain, rN+ Int+3}
  1560 | D:2      | Noticed Natasha
  2025 | D:3      | Noticed Grinder
  2030 | D:3      | Paralysed by Grinder for 2 turns
  2168 | D:3      | Reached skill level 1 in Short Blades
  2168 | D:3      | Reached skill level 1 in Necromancy
  2168 | D:3      | Reached XP level 5. HP: 42/42 MP: 5/5
  2187 | D:3      | Found a faded altar of an unknown god.
  2452 | D:4      | Noticed a lemure
  2488 | D:4      | Killed a lemure
  2548 | D:4      | Noticed a lemure
  2548 | D:4      | Noticed a lemure
  2556 | D:5      | Entered Level 5 of the Dungeon
  2685 | D:5      | Reached skill level 4 in Fighting
  2953 | D:5      | Reached XP level 6. HP: 39/48 MP: 6/6
  3805 | D:6      | Reached skill level 5 in Fighting
  3805 | D:6      | Reached XP level 7. HP: 49/56 MP: 7/7
  3876 | D:6      | Noticed a +0 dagger
  3877 | D:6      | Noticed a +0 short sword
  3878 | D:6      | Noticed a +0 short sword
  3879 | D:6      | Noticed a +0 dagger
  3879 | D:6      | Noticed a +0 spear
  3880 | D:6      | Noticed a +0 falchion
  3880 | D:6      | Noticed a +0 falchion
  3880 | D:6      | Noticed a +0 spear
  3923 | D:6      | Found a hide-covered altar of Uskayaw.
  4145 | D:4      | Found a stormy altar of Qazlal.
  4145 | D:4      | Found an ornate altar of the Wu Jian Council.
  4316 | D:4      | Found a sparkling altar of Nemelex Xobeh.
  4400 | D:4      | Found a burning altar of Makhleb.
  4401 | D:4      | Noticed a cacodemon
  4648 | D:4      | Identified the +0 dagger "Qacim" {pain, *Slow rElec SInv}
  5082 | D:4      | Noticed Eustachio
  5111 | D:4      | Killed Eustachio
  5191 | D:4      | Noticed Pikel
  5368 | D:3      | Killed Grinder
  5369 | D:3      | Reached skill level 6 in Fighting
  5369 | D:3      | Reached XP level 8. HP: 42/64 MP: 8/8
  5845 | D:2      | Killed Natasha
  5861 | D:2      | Noticed Natasha
  5981 | D:2      | Killed Natasha
  5982 | D:2      | Reached skill level 5 in Necromancy
  6449 | D:6      | Found the +8 autumn katana {manifold assault}
  6669 | D:6      | Found a shimmering altar of Xom.
  6792 | D:7      | Reached skill level 1 in Long Blades
  6926 | D:7      | Found a staircase to the Ecumenical Temple.
  6943 | Temple   | Entered the Ecumenical Temple
  6971 | Temple   | Became a worshipper of Gozag Ym Sagoz the Greedy
  7172 | D:7      | Reached skill level 7 in Fighting
  7762 | D:8      | Noticed a two-headed ogre
  7770 | D:8      | Killed a two-headed ogre
  7771 | D:8      | Reached XP level 9. HP: 23/73 MP: 9/9
  7864 | D:8      | Found a flagged portal.
  8069 | Bailey   | Entered a bailey
  8292 | Bailey   | Reached skill level 8 in Fighting
  8366 | Bailey   | Noticed an orc knight
  8389 | Bailey   | Killed an orc knight
  8480 | Bailey   | Noticed an orc sorcerer
  8486 | Bailey   | Noticed a sixfirhy
  8491 | Bailey   | Killed an orc sorcerer
  8783 | Bailey   | Acquired 308 gold pieces
  8820 | Bailey   | Reached XP level 10. HP: 40/82 MP: 10/10
  8934 | Bailey   | Noticed an orc sorcerer
  8952 | Bailey   | Killed an orc sorcerer
  8953 | Bailey   | Reached skill level 9 in Fighting
  9033 | Bailey   | Found an iron altar of Okawaru.
  9046 | Bailey   | Reached skill level 5 in Long Blades
  9052 | Bailey   | Identified the +8 shortbow "Denodir" {flame, Str+3 SInv
                  | Stlth+}
  9179 | Bailey   | Noticed an orc knight
  9209 | Bailey   | HP: 3/83 [orc warrior/+3 war axe (8)]
  9212 | Bailey   | Slain by an orc warrior

Illustrated notes

Levels and vault maps discovered:
D:1:      saegor_arrival_simple_e, layout_loops_ring, serial_bayou,
          serial_bayou_pond_b, serial_bayou_lake_a, serial_bayou_pond_e,
          serial_bayou_shore_b, serial_bayou_pond_a,
          minmay_misc_feat_secret_circle, minmay_door_square, moated_statue
D:2:      layout_basic, dilly_guarded_unrand_morg
D:3:      layout_loops_ring, nicolae_ecumenical_snake_handling,
          chequers_decorated_corner, uniq_grinder
D:4:      layout_layer_cave, nemelex_diamond_rough_becter,
          makhleb_altar_promises_db, nicolae_overflow_hidden_temple, uniq_pikel,
          uniq_eustachio, uniq_natasha
D:5:      layout_basic
D:6:      layout_cave_pools, nicolae_uskayaw_en_pointe,
          mainiacjoe_overflow_alcove_4
D:7:      layout_cave_pools, minmay_temple_entry_glassed_door,
          nicolae_hexahallways
D:8:      layout_basic, grunt_dithmenos_shadows, enter_bailey_3,
          minmay_quadrilaterals, uniq_maurice
Temple:   jpeg_temple_clearing
Bailey:   bailey_axe_of_yendor_kennysheep, bailey

Skill      XL: |  1  2  3  4  5  6  7  8  9 10 |
---------------+-------------------------------+-----
Fighting       | 3 4 5 6 7 8 9 |  9.1
Ranged Weapons | 4 |  4.0
Short Blades   | 1 2 4 |  4.3
Necromancy     | 1 2 3 4 6 7 8 |  8.1
Long Blades    | 3 4 5 |  5.0
Dodging        | |  1.5
Stealth        | |  0.7

Action                     |  1- 3 |  4- 6 |  7- 9 | 10-12 || total
---------------------------+-------+-------+-------+-------++-------
  Melee: Dagger            |       |   183 |   122 |       ||   305
         Punch             |       |     2 |       |       ||     2
         Katana            |       |       |   109 |    29 ||   138
   Fire: Shortbow          |   145 |    17 |       |       ||   162
  Throw: Dart              |       |     2 |    10 |     1 ||    13
  Evoke: Wand              |       |       |    23 |       ||    23
    Use: Scroll            |     5 |     5 |     4 |     3 ||    17
 Armour: Leather armour    |    53 |       |       |       ||    53
         Chain mail        |    35 |   173 |   161 |    28 ||   397
  Dodge: Dodged            |    59 |    82 |    69 |     5 ||   215
